 Dungeon Crawl Stone Soup version 0.27-a0-550-ge92ec0ca06 (webtiles) character file.

Game seed: 10881732496670068670

1027 gruber the Skirmisher (level 8, -2/88 HPs)
             Began as an Ogre Warper on Mar 7, 2021.
             Killed by divine providence
             ... invoked by an orc priest
              (11 damage)
             ... on level 6 of the Dungeon.
             The game lasted 00:08:41 (8973 turns).

gruber the Skirmisher (Ogre Warper)                 Turns: 8973, Time: 00:08:42

Health: -2/88      AC:  4    Str: 18    XL:     8   Next: 23%
Magic:  11/11      EV:  9    Int: 14    God:
Gold:   265        SH:  0    Dex:  8    Spells: 1/11 levels left

rFire    . . .     SeeInvis .   A - +1 flail (vorpal)
rCold    + . .     Faith    .   (no shield)
rNeg     . . .     Spirit   .   b - +0 robe
rPois    .         Reflect  .   (helmet restricted)
rElec    .         Harm     .   y - +0 cloak
rCorr    .         Rampage  .   (gloves unavailable)
Will     .....                  (boots unavailable)
Stlth    +.........             (no amulet)
HPRegen  0.24/turn              f - ring of protection from cold
MPRegen  0.12/turn              C - ring of wizardry

@: no status effects
A: large, unfitting armour, tough skin 1
a: no special abilities


You were on level 6 of the Dungeon.
You visited 1 branch of the dungeon, and saw 6 of its levels.
You also visited: Sewer.

You collected 265 gold pieces.

Inventory:

Hand Weapons
 A - a +1 vorpal flail (weapon)
Missiles
 a - 4 poisoned darts (quivered)
 e - 5 boomerangs of dispersal
 r - 2 silver boomerangs
Armour
 b - a +0 robe (worn)
 y - a +0 cloak (worn)
Jewellery
 f - a ring of protection from cold (left hand)
 z - a ring of poison resistance
 C - a ring of wizardry (right hand)
Wands
 u - a wand of charming (8)
 x - a wand of flame (14)
 B - a wand of paralysis (3)
Scrolls
 c - a scroll of fog {unknown}
 d - 2 scrolls of blinking
 g - 5 scrolls of identify {unknown}
 h - 2 scrolls of teleportation {unknown}
 j - 3 scrolls of magic mapping {unknown}
 l - 2 scrolls of fear {unknown}
 p - 4 scrolls of enchant weapon {unknown}
 t - a scroll of enchant armour {unknown}
 w - a scroll of noise {unknown}
Potions
 i - 2 potions of flight {unknown}
 k - a potion of resistance {unknown}
 m - 4 potions of curing
 n - a potion of lignification
 o - 2 potions of cancellation
 q - a potion of ambrosia {unknown}
 s - 2 potions of might {unknown}
 v - a potion of degeneration {unknown}
 D - a potion of heal wounds {unknown}


   Skills:
 * Level 7.7 Fighting
 - Level 7.0 Maces & Flails
 - Level 1.0 Throwing
 - Level 2.1 Dodging
 - Level 2.4 Spellcasting
 - Level 2.6 Translocations


You had one spell level left.
You knew the following spells:

 Your Spells              Type           Power      Damage    Failure   Level
a - Blink                 Tloc           N/A        N/A       4%          2
b - Beastly Appendage     Tmut           2%         N/A       9%          1
c - Teleport Other        Tloc           9%         N/A       9%          3
d - Manifold Assault      Tloc           9%         N/A       28%         4

Your spell library contained the following spells:

 Spells                   Type           Power      Damage    Failure   Level
 Gell's Gravitas          Tloc           4%         N/A       9%          3
 Lesser Beckoning         Tloc           4%         N/A       9%          3
 Wereblood                Tmut           1%         N/A       14%         2
 Spider Form              Tmut/Pois      0%         N/A       26%         3
 Ice Form                 Ice/Tmut       1%         N/A       63%         4
 Blade Hands              Tmut           0%         N/A       91%         5


Dungeon Overview and Level Annotations

Branches:
Dungeon (6/15)              Sewer (visited)
 Temple: D:4-7

Altars:
Ashenzari

Shops:
D:5 [


Innate Abilities, Weirdness & Mutations

You are too large for most types of armour.
You have tough skin. (AC +1)


Message History

The centaur shoots an arrow.
The arrow hits you.
Unknown command.
You start resting.
A centaur is nearby!
An orc priest comes into view.
The orc priest shouts!
You hear a shout!
The centaur unwields a +0 shortbow.
The centaur barely misses you.
An orc comes into view. It is wielding a +0 trident.
You thump the centaur!
The centaur is heavily wounded.
The centaur hits you.
A jelly comes into view.
The orc priest looks encouraged for a moment.
The centaur closely misses you.
You sock the centaur!
You kill the centaur!
You closely miss the orc priest.
A giant cockroach comes into view.
The orc priest barely misses you.
You barely miss the orc priest.
A leopard gecko comes into view.
The orc priest closely misses you.
The orc priest calls down the wrath of Beogh upon you.
Beogh smites you!
The orc priest mumbles some strange prayers to Beogh against you.
Beogh smites you!
The orc priest looks satisfied for a moment.
The orc priest mumbles some strange prayers to Beogh against you.
Pain shoots through your body!
The orc priest invokes the aid of Beogh against you.
Pain shoots through your body!
The orc priest mumbles some strange prayers to Beogh against you.
Beogh smites you!
* * * LOW HITPOINT WARNING * * *
The orc priest calls down the wrath of Beogh upon you.
Beogh smites you!
* * * LOW HITPOINT WARNING * * *
The orc priest calls down the wrath of Beogh upon you.
Beogh smites you!
You die...

######## ####
####......######..#####
##.............###.....####
##...............#####...<.##
#................# ####.)).
##...........@...## ###..
#.........o......# ##.
#.......o.......## ##.
##.......o......# #..
#......B......## ##..
##...........## ##...
#)...J.†..### ##..#.
#..........###### ##..###
##.##...........#########..##


You could see a jelly, 2 orc priests, an orc and a giant cockroach.

Vanquished Creatures
  Menkaure (D:4)
  A centaur (D:6)
  A kobold brigand (Sewer)
  A bullfrog (D:4)
  3 scorpions
  A hound (D:5)
  An orc priest (D:5)
  Crazy Yiuf (D:4)
  2 iguanas
  4 orc wizards
  A worker ant (D:5)
  4 gnolls (D:5)
  6 adders
  3 river rats
  8 worms
  3 dart slugs
  23 orcs
  2 ball pythons
  5 bats
  2 giant cockroaches
  6 goblins
  11 hobgoblins
  11 jackals
  A quokka (D:2)
  3 frilled lizards
  13 kobolds
  A leopard gecko skeleton (D:4)
  13 rats
132 creatures vanquished.

Notes
Turn   | Place    | Note
-------+----------+-------------------------------------------
     0 | D:1      | gruber the Ogre Warper began the quest for the Orb.
     0 | D:1      | Reached XP level 1. HP: 22/22 MP: 3/3
   206 | D:1      | Reached XP level 2. HP: 22/32 MP: 5/5
  1146 | D:2      | Found a faded altar of an unknown god.
  1287 | D:1      | Reached XP level 3. HP: 19/40 MP: 6/6
  1789 | D:2      | Reached skill level 5 in Fighting
  2258 | D:2      | Reached XP level 4. HP: 43/50 MP: 7/7
  3468 | D:3      | Reached XP level 5. HP: 53/59 MP: 8/8
  3521 | D:3      | Learned a level 2 spell: Blink
  4134 | D:4      | Noticed Menkaure
  4704 | D:4      | Killed Menkaure
  4705 | D:4      | Reached XP level 6. HP: 40/67 MP: 9/9
  5266 | D:4      | Reached skill level 5 in Maces & Flails
  5382 | D:4      | Found a broken altar of Ashenzari.
  5572 | D:4      | Found a runed translucent door.
  5573 | D:4      | Noticed Crazy Yiuf
  5676 | D:4      | Killed Crazy Yiuf
  5677 | D:4      | Reached XP level 7. HP: 18/75 MP: 10/10
  5989 | D:5      | Entered Level 5 of the Dungeon
  5992 | D:5      | Found a glowing drain.
  6443 | Sewer    | Entered a sewer
  6729 | Sewer    | Found a white marble altar of Elyvilon.
  7624 | D:5      | Found Naskic Ecitu's Armour Emporium.
  8164 | D:6      | Reached XP level 8. HP: 55/84 MP: 11/11
  8475 | D:6      | Learned a level 1 spell: Beastly Appendage
  8479 | D:6      | Learned a level 3 spell: Teleport Other
  8484 | D:6      | Learned a level 4 spell: Manifold Assault
  8973 | D:6      | Killed from afar by an orc priest

Illustrated notes

Levels and vault maps discovered:
D:1:      psy_arrival_fountain, layout_rooms, dk_noncrumbling_2
D:2:      minmay_recursive_quarters, layout_basic,
          chequers_ecumenical_altar_simple, serial_co_window_serial,
          co_window_corner_a, co_window_paths_a, co_window_paths_a,
          co_window_paths_a, co_window_paths_a, co_window_corner_a,
          co_window_paths_a, co_window_paths_b, co_window_of_opportunity_a,
          co_window_corner_b, co_window_broadway_a, co_window_corner_b,
          glass_columns_a, glass_columns_a, glass_columns_c
D:3:      layout_loops_ring
D:4:      layout_gridville, cheibrodos_ashenzari_chains,
          uniq_crazy_yiuf_cottage, uniq_menkaure
D:5:      layout_basic, portal_sewer_entry_a, serial_shops, shop
D:6:      layout_cave_pods, lemuel_crystal_altar, minmay_temple_entry_arrows

Skill      XL: |  1  2  3  4  5  6  7  8 |
---------------+-------------------------+-----
Fighting       | 3 4 5 6 7 |  7.7
Maces & Flails | 2 4 5 7 |  7.0
Throwing       | |  1.0
Dodging        | |  2.1
Spellcasting   | |  2.4
Translocations | |  2.6

Action                   |  1- 3 |  4- 6 |  7- 9 || total
-------------------------+-------+-------+-------++-------
Melee: Mace              |    47 |       |       ||    47
       Quarterstaff      |    88 |   101 |       ||   189
       Hand axe          |       |    66 |    26 ||    92
       Unarmed           |       |     9 |       ||     9
       Flail             |       |       |   133 ||   133
Throw: Dart              |       |       |     3 ||     3
  Use: Potion            |       |     3 |       ||     3
Armor: Robe              |    47 |    28 |    40 ||   115
       Skin              |       |    10 |       ||    10
Dodge: Dodged            |    67 |    94 |    67 ||   228

Table legend: (Time is in decaauts)
 A = Elapsed time spent in this place.
 B = Non-inter-level travel time spent in this place.
 C = Inter-level travel time spent in this place.
 D = Time resting spent in this place.
 E = Time spent auto-exploring this place.
 F = Levels seen in this place.
 G = Mean time per level.
                   A        B        C        D        E       F      G
               +--------+--------+--------+--------+--------+-----+--------+
         Total |   9108 |   8807 |    301 |   1055 |   6562 |   7 | 1301.1 |
       Dungeon |   8730 |   8429 |    301 |   1055 |   6287 |   6 | 1455.0 |
         Sewer |    377 |    377 |      0 |      0 |    275 |   1 |  377.0 |
               +--------+--------+--------+--------+--------+-----+--------+

Top non-repeatable levels by time:
     D:4: 2066 daAuts
     D:2: 1671 daAuts
     D:5: 1658 daAuts
     D:3: 1398 daAuts
     D:1: 1200 daAuts
     D:6: 736 daAuts
   Sewer: 377 daAuts
